| TOP OF THE 1ST |
|
Buffalo Bisons batting - Pitching for Rochester Red Wings : RHP Bill Rondeau
|
|
Pitching: RHP Bill Rondeau
|
|
|
Batting: RHB Alex Ramos
|
0-0: Ball 1-0: Called Strike 1-1: Ball 2-1: Ball 3-1: Foul Ball, location: 2F 3-2: Ground out 6-3 (Groundball, 56D, EV 99.4 MPH)
|
|
Batting: RHB Väinö Tapaninen
|
0-0: Ball 1-0: Ground out 6-3 (Groundball, 6, EV 103.1 MPH)
|
|
Batting: LHB Gabe Pace
|
0-0: Ground out 2-3 (Groundball, 15S, EV 62.5 MPH)
|
| Top of the 1st over - 0 runs, 0 hits, 0 errors, 0 left on base; Buffalo 0 - Rochester 0 |
| BOTTOM OF THE 1ST |
|
Rochester Red Wings batting - Pitching for Buffalo Bisons : RHP Douglas ten Pas
|
|
Pitching: RHP Douglas ten Pas
|
|
|
Batting: RHB Joe Young
|
0-0: Called Strike 0-1: Ball 1-1: Ball 2-1: Foul Ball, location: 2F 2-2: Ground out 6-3 (Groundball, 6, EV 104.4 MPH)
|
|
Batting: SHB Ian Thompson
|
0-0: Called Strike 0-1: Foul Ball, location: 2F 0-2: Ball 1-2: Ground out 4-3 (Groundball, 4, EV 85.6 MPH)
|
|
Batting: LHB Kuemon Shishido
|
0-0: Called Strike 0-1: Ball 1-1: Called Strike 1-2: Ball 2-2: Ball 3-2: Foul Ball, location: 2F 3-2: Foul Ball, location: 2F 3-2: Strikes out swinging
|
| Bottom of the 1st over - 0 runs, 0 hits, 0 errors, 0 left on base; Buffalo 0 - Rochester 0 |
| TOP OF THE 2ND |
|
Buffalo Bisons batting - Pitching for Rochester Red Wings : RHP Bill Rondeau
|
|
Batting: RHB Kyle Scruggs
|
0-0: Called Strike 0-1: Ball 1-1: SINGLE (Line Drive, 7S, EV 103.8 MPH)
|
|
Batting: RHB Leo Mair
|
0-0: Ball 1-0: Called Strike 1-1: Ball 2-1: Grounds into double play, 6-4-3 (Groundball, 6, EV 90.0 MPH)
|
|
Batting: RHB Butch Koglin
|
0-0: Ball 1-0: Ball 2-0: Ball 3-0: Called Strike 3-1: Foul Ball, location: 2F 3-2: Base on Balls
|
|
Batting: RHB Jorge Baret
|
0-0: Called Strike 0-1: Fly out, F8 (Flyball, 78S, EV 94.4 MPH)
|
| Top of the 2nd over - 0 runs, 1 hit, 0 errors, 1 left on base; Buffalo 0 - Rochester 0 |
| BOTTOM OF THE 2ND |
|
Rochester Red Wings batting - Pitching for Buffalo Bisons : RHP Douglas ten Pas
|
|
Batting: SHB Dan Morataya
|
0-0: Ground out U3 (Groundball, 3, EV 86.2 MPH)
|
|
Batting: LHB Chris Munguia
|
0-0: Foul Ball, location: 2F 0-1: Foul Ball, location: 2F 0-2: Foul Ball, location: 2F 0-2: Foul Ball, location: 2F 0-2: Foul Ball, location: 2F 0-2: Ground out 4-3 (Groundball, 4, EV 109.4 MPH)
|
|
Batting: RHB Manuel Juarez
|
0-0: Ball 1-0: Fly out, F9 (Flyball, 9, EV 88.8 MPH)
|
| Bottom of the 2nd over - 0 runs, 0 hits, 0 errors, 0 left on base; Buffalo 0 - Rochester 0 |
| TOP OF THE 3RD |
|
Buffalo Bisons batting - Pitching for Rochester Red Wings : RHP Bill Rondeau
|
|
Batting: RHB Bryan Peterson
|
0-0: Foul Ball, location: 2F 0-1: Called Strike 0-2: Strikes out looking
|
|
Batting: RHB Frank Caulfield
|
0-0: Called Strike 0-1: Foul Ball, location: 2F 0-2: Ball 1-2: Ball 2-2: Ground out 4-3 (Groundball, 4, EV 101.9 MPH)
|
|
Batting: RHB Alex Ramos
|
0-0: Ground out 5-3 (Groundball, 56, EV 78.1 MPH)
|
| Top of the 3rd over - 0 runs, 0 hits, 0 errors, 0 left on base; Buffalo 0 - Rochester 0 |
| BOTTOM OF THE 3RD |
|
Rochester Red Wings batting - Pitching for Buffalo Bisons : RHP Douglas ten Pas
|
|
Batting: RHB Mike Craver
|
0-0: Called Strike 0-1: Ball 1-1: Swinging Strike 1-2: Ball 2-2: Ball 3-2: Fly out, F9 (Flyball, 9LD, EV 89.4 MPH)
|
|
Batting: RHB Ryan Gautney
|
0-0: Ball 1-0: SINGLE (Line Drive, 8LS, EV 91.2 MPH)
|
|
Batting: RHB Juan Espinoza
|
0-0: Fielders Choice at 2nd, 5-4 (Groundball, 56, EV 98.1 MPH)
|
|
Batting: RHB Joe Young
|
0-0: Called Strike 0-1: Ball 1-1: Ball Wild Pitch! Juan Espinoza to second 2-1: Foul Ball, location: 2F 2-2: Ground out 5-3 (Groundball, 56, EV 81.2 MPH)
|
| Bottom of the 3rd over - 0 runs, 1 hit, 0 errors, 1 left on base; Buffalo 0 - Rochester 0 |
| TOP OF THE 4TH |
|
Buffalo Bisons batting - Pitching for Rochester Red Wings : RHP Bill Rondeau
|
|
Batting: RHB Väinö Tapaninen
|
0-0: SINGLE (Groundball, 4MD, EV 101.2 MPH)
|
|
Batting: LHB Gabe Pace
|
0-0: Ball 1-0: Ball 2-0: Called Strike 2-1: Ball 3-1: Base on Balls Väinö Tapaninen to second
|
|
Batting: RHB Kyle Scruggs
|
0-0: Ball Väinö Tapaninen steals 3rd base (no throw) 1-0: Foul Ball, location: 2F 1-1: Ball 2-1: Ball 3-1: Swinging Strike 3-2: Strikes out swinging
|
|
Batting: RHB Leo Mair
|
0-0: Ball 1-0: Called Strike 1-1: Called Strike 1-2: Strikes out swinging
|
|
Batting: RHB Butch Koglin
|
0-0: Ball 1-0: Ball 2-0: Ball 3-0: Base on Balls Gabe Pace to second
|
|
Batting: RHB Jorge Baret
|
0-0: Ball 1-0: Called Strike 1-1: Ball 2-1: Ball 3-1: DOUBLE (Line Drive, 9LM, EV 106.9 MPH) Väinö Tapaninen scores Gabe Pace scores Butch Koglin to third
|
|
Batting: RHB Bryan Peterson
|
0-0: Ground out 5-3 (Groundball, 56S, EV 68.8 MPH)
|
| Top of the 4th over - 2 runs, 2 hits, 0 errors, 2 left on base; Buffalo 2 - Rochester 0 |
| BOTTOM OF THE 4TH |
|
Rochester Red Wings batting - Pitching for Buffalo Bisons : RHP Douglas ten Pas
|
|
Batting: SHB Ian Thompson
|
0-0: Ball 1-0: Ball 2-0: Called Strike 2-1: Swinging Strike 2-2: Strikes out swinging
|
|
Batting: LHB Kuemon Shishido
|
0-0: Ball 1-0: Swinging Strike 1-1: Swinging Strike 1-2: SINGLE (Line Drive, 34D, EV 103.8 MPH)
|
|
Batting: SHB Dan Morataya
|
0-0: Called Strike 0-1: Ball 1-1: Called Strike 1-2: Foul Ball, location: 2F 1-2: Ball 2-2: Foul Ball, location: 2F 2-2: Foul Ball, location: 2F 2-2: Fly out, F8 (Flyball, 8RD, EV 106.9 MPH)
|
|
Batting: LHB Chris Munguia
|
0-0: Called Strike 0-1: Ball 1-1: Ball 2-1: Ball 3-1: Called Strike 3-2: Strikes out swinging
|
| Bottom of the 4th over - 0 runs, 1 hit, 0 errors, 1 left on base; Buffalo 2 - Rochester 0 |
| TOP OF THE 5TH |
|
Buffalo Bisons batting - Pitching for Rochester Red Wings : RHP Bill Rondeau
|
|
Batting: RHB Frank Caulfield
|
0-0: Ground out 5-3 (Groundball, 56, EV 101.2 MPH)
|
|
Batting: RHB Alex Ramos
|
0-0: Called Strike 0-1: Swinging Strike 0-2: Ball 1-2: Foul Ball, location: 2F 1-2: Strikes out swinging
|
|
Batting: RHB Väinö Tapaninen
|
0-0: Fly out, F9 (Flyball, 89S, EV 94.4 MPH)
|
| Top of the 5th over - 0 runs, 0 hits, 0 errors, 0 left on base; Buffalo 2 - Rochester 0 |
| BOTTOM OF THE 5TH |
|
Rochester Red Wings batting - Pitching for Buffalo Bisons : RHP Douglas ten Pas
|
|
Batting: RHB Manuel Juarez
|
0-0: Ball 1-0: Ball 2-0: Called Strike 2-1: Foul Ball, location: 2F 2-2: DOUBLE (Line Drive, 89D, EV 103.1 MPH)
|
|
Batting: RHB Mike Craver
|
0-0: Ball 1-0: Ball 2-0: Ground out 6-3 (Groundball, 6, EV 88.1 MPH) Manuel Juarez to third
|
|
Batting: RHB Ryan Gautney
|
0-0: Called Strike 0-1: Ball 1-1: Foul Ball, location: 2F 1-2: Ball 2-2: Fly out, F8 (Flyball, 8RXD, EV 96.9 MPH) Runner from 3rd tags up, SCORES, no throw by CF
|
|
Batting: RHB Juan Espinoza
|
0-0: Called Strike 0-1: Ball 1-1: Swinging Strike 1-2: Ball 2-2: Strikes out swinging
|
| Bottom of the 5th over - 1 run, 1 hit, 0 errors, 0 left on base; Buffalo 2 - Rochester 1 |
| TOP OF THE 6TH |
|
Buffalo Bisons batting - Pitching for Rochester Red Wings : RHP Bill Rondeau
|
|
Batting: LHB Gabe Pace
|
0-0: Ball 1-0: Ball 2-0: Ball 3-0: Called Strike 3-1: Called Strike 3-2: Strikes out swinging
|
|
Batting: RHB Kyle Scruggs
|
0-0: Ball 1-0: Called Strike 1-1: Called Strike 1-2: Foul Ball, location: 2F 1-2: Foul Ball, location: 2F 1-2: Ball 2-2: Fly out, F7 (Flyball, 78S, EV 93.8 MPH)
|
|
Batting: RHB Leo Mair
|
0-0: Called Strike 0-1: Swinging Strike 0-2: Ground out 6-3 (Groundball, 6, EV 111.9 MPH)
|
| Top of the 6th over - 0 runs, 0 hits, 0 errors, 0 left on base; Buffalo 2 - Rochester 1 |
| BOTTOM OF THE 6TH |
|
Rochester Red Wings batting - Pitching for Buffalo Bisons : RHP Douglas ten Pas
|
|
Batting: RHB Joe Young
|
0-0: Ball 1-0: Called Strike 1-1: Swinging Strike 1-2: Strikes out looking
|
|
Batting: SHB Ian Thompson
|
0-0: Ball 1-0: Foul Ball, location: 2F 1-1: Ball 2-1: Ball 3-1: Base on Balls
|
|
Batting: LHB Kuemon Shishido
|
0-0: Ball 1-0: Ball 2-0: Ball Wild Pitch! Ian Thompson to second 3-0: Called Strike 3-1: Base on Balls
|
|
Batting: SHB Dan Morataya
|
0-0: Called Strike 0-1: Foul Ball, location: 2F 0-2: Strikes out swinging
|
|
Batting: LHB Chris Munguia
|
0-0: Ball 1-0: DOUBLE (Groundball, 3L, EV 108.1 MPH) Ian Thompson scores Kuemon Shishido to third Runner from 3rd tries for Home, SAFE, no throw by RF
|
|
Batting: RHB Manuel Juarez
|
0-0: TRIPLE (Line Drive, 89XD, EV 113.1 MPH) Chris Munguia scores
|
|
Batting: RHB Mike Craver
|
0-0: Called Strike 0-1: Ground out 6-3 (Groundball, 6, EV 92.5 MPH)
|
| Bottom of the 6th over - 3 runs, 2 hits, 0 errors, 1 left on base; Buffalo 2 - Rochester 4 |
| TOP OF THE 7TH |
|
Buffalo Bisons batting - Pitching for Rochester Red Wings : RHP Bill Rondeau
|
|
Batting: RHB Butch Koglin
|
0-0: SINGLE (Groundball, 34D, EV 106.9 MPH)
|
|
Batting: RHB Jorge Baret
|
0-0: Called Strike 0-1: Fly out, F6 (Line Drive, 6, EV 77.5 MPH)
|
|
Batting: RHB Bryan Peterson
|
0-0: Ball 1-0: Ball 2-0: Called Strike 2-1: Called Strike 2-2: Strikes out swinging
|
|
Pitching: LHP Bobby Molina
|
|
|
Batting: RHB Frank Caulfield
|
0-0: Called Strike 0-1: Swinging Strike 0-2: Strikes out swinging
|
| Top of the 7th over - 0 runs, 1 hit, 0 errors, 1 left on base; Buffalo 2 - Rochester 4 |
| BOTTOM OF THE 7TH |
|
Rochester Red Wings batting - Pitching for Buffalo Bisons : RHP Douglas ten Pas
|
|
Batting: RHB Ryan Gautney
|
0-0: Ball 1-0: Called Strike 1-1: Ball 2-1: Called Strike 2-2: Strikes out swinging
|
|
Pitching: RHP Andres Lozano
|
|
|
Batting: RHB Juan Espinoza
|
0-0: Called Strike 0-1: Foul Ball, location: 2F 0-2: Ball 1-2: SINGLE (Groundball, 4M, EV 104.4 MPH) (infield hit)
|
|
Batting: RHB Joe Young
|
0-0: Ball 1-0: Foul Ball, location: 2F 1-1: Foul Ball, location: 2F 1-2: Ball 2-2: Strikes out looking Juan Espinoza steals 2nd base (no throw) Batter strikes out.
|
|
Batting: SHB Ian Thompson
|
0-0: Ball 1-0: Called Strike 1-1: Ball 2-1: Ball 3-1: SINGLE (Line Drive, 34, EV 104.4 MPH) Juan Espinoza to third Runner from 3rd tries for Home, SAFE, throw by RF to home
|
|
Batting: LHB Kuemon Shishido
|
0-0: Ball 1-0: Foul Ball, location: 2F 1-1: Foul Ball, location: 2F 1-2: Ball 2-2: Ground out 4-3 (Groundball, 34S, EV 91.2 MPH)
|
| Bottom of the 7th over - 1 run, 2 hits, 0 errors, 1 left on base; Buffalo 2 - Rochester 5 |
| TOP OF THE 8TH |
|
Buffalo Bisons batting - Pitching for Rochester Red Wings : LHP Bobby Molina
|
|
Batting: RHB Alex Ramos
|
0-0: Ball 1-0: Swinging Strike 1-1: Foul Ball, location: 2F 1-2: Ball 2-2: Strikes out swinging
|
|
Batting: RHB Väinö Tapaninen
|
0-0: Ball 1-0: Ball 2-0: Called Strike 2-1: Called Strike 2-2: Ground out 6-3 (Groundball, 6, EV 108.8 MPH)
|
|
Pinch Hitting: RHB Kyle Davis
|
0-0: Swinging Strike 0-1: Ball 1-1: Ball 2-1: Foul Ball, location: 2F 2-2: SINGLE (Groundball, 56D, EV 98.8 MPH)
|
|
Batting: RHB Kyle Scruggs
|
0-0: Foul Ball, location: 2F 0-1: Foul Ball, location: 2F 0-2: Ball 1-2: Strikes out looking
|
| Top of the 8th over - 0 runs, 1 hit, 0 errors, 1 left on base; Buffalo 2 - Rochester 5 |
| BOTTOM OF THE 8TH |
|
Rochester Red Wings batting - Pitching for Buffalo Bisons : RHP Andres Lozano
|
|
Pitching: LHP Dylan Batstone
|
|
|
Now in LF: Väinö Tapaninen
|
|
|
Now in CF: Dominik Hasek II
|
|
|
Batting: SHB Dan Morataya
|
0-0: Foul Ball, location: 2F 0-1: Ball 1-1: Foul Ball, location: 2F 1-2: Ground out U3 (Groundball, 3, EV 87.5 MPH)
|
|
Batting: LHB Chris Munguia
|
0-0: TRIPLE (Line Drive, 89XD, EV 106.2 MPH)
|
|
Batting: RHB Manuel Juarez
|
0-0: Fly out, F8 (Line Drive, 8RM, EV 95.0 MPH) Runner from 3rd tags up, SCORES, throw by CF
|
|
Batting: RHB Mike Craver
|
0-0: Ground out 2-3 (Groundball, 2L, EV 66.9 MPH)
|
| Bottom of the 8th over - 1 run, 1 hit, 0 errors, 0 left on base; Buffalo 2 - Rochester 6 |
| TOP OF THE 9TH |
|
Buffalo Bisons batting - Pitching for Rochester Red Wings : LHP Bobby Molina
|
|
Pitching: LHP Brian Walters
|
|
|
Batting: RHB Leo Mair
|
0-0: Ball 1-0: Called Strike 1-1: Ball 2-1: SINGLE (Groundball, 4MD, EV 107.5 MPH)
|
|
Batting: RHB Butch Koglin
|
0-0: Ball 1-0: Called Strike 1-1: Foul Ball, location: 2F 1-2: Ball 2-2: Ball 3-2: Foul Ball, location: 2F 3-2: Foul Ball, location: 2F 3-2: Base on Balls Leo Mair to second
|
|
Batting: RHB Jorge Baret
|
0-0: Swinging Strike 0-1: Ball 1-1: Foul Ball, location: 2F 1-2: Ball 2-2: Ball 3-2: Base on Balls Leo Mair to third Butch Koglin to second
|
|
Batting: RHB Bryan Peterson
|
0-0: Fly out, F8 (Flyball, 89M, EV 87.5 MPH) Runner from 3rd tags up, SCORES, no throw by CF
|
|
Batting: RHB Frank Caulfield
|
0-0: Called Strike 0-1: Ball 1-1: Foul Ball, location: 2F 1-2: SINGLE (Line Drive, 7LS, EV 92.5 MPH) Butch Koglin to third Jorge Baret to second
|
|
Batting: RHB Alex Ramos
|
0-0: Ball 1-0: Swinging Strike 1-1: Ball Passed Ball! Butch Koglin scores Jorge Baret to third Frank Caulfield to second 2-1: Foul Ball, location: 2F 2-2: Strikes out looking
|
|
Batting: RHB Väinö Tapaninen
|
0-0: Ball 1-0: Foul Ball, location: 2F 1-1: Called Strike 1-2: Fly out, F7 (Flyball, 7LM, EV 90.0 MPH)
|
| Top of the 9th over - 2 runs, 2 hits, 0 errors, 2 left on base; Buffalo 4 - Rochester 6 |
|